 Dungeon Crawl Stone Soup version 0.17.1-3-g152610e (webtiles) character file.

60 Heskey the Skirmisher (level 3, -9/30 HPs)
             Began as a Demonspawn Fighter on Mar 28, 2016.
             Mangled by an ogre
             ... wielding a +0 giant club
              (19 damage)
             ... on level 3 of the Dungeon.
             The game lasted 00:03:12 (1492 turns).

Heskey the Skirmisher (Demonspawn Fighter)          Turns: 1492, Time: 00:03:12

Health: -9/30      AC:  6    Str: 22    XL:     3   Next: 80%
Magic:  3/3        EV:  7    Int:  9    God:
Gold:   97         SH:  9    Dex: 12    Spells: 0 memorised, 2 levels left

rFire  . . .     SeeInvis .     a - +0 flail
rCold  . . .     Clarity  .     b - +0 scale mail
rNeg   . . .     SustAt   .     c - +0 shield
rPois  .         Gourm    .     (no helmet)
rElec  .         Spirit   .     (no cloak)
rCorr  .         Warding  .     (no gloves)
rMut   .         Stasis   .     (no boots)
MR     .....                    (no amulet)
Stlth  ..........               (no ring)
                                (no ring)

@: mighty, not resistant to hostile enchantments, extremely unstealthy
A: claws 1, powered by death 1
a: no special abilities


You were on level 3 of the Dungeon.
You were not hungry.

You visited 1 branch of the dungeon, and saw 3 of its levels.

You collected 97 gold pieces.

Inventory:

Hand Weapons
 a - a +0 flail (weapon)
Armour
 b - a +0 scale mail (worn)
 c - a +0 shield (worn)
Scrolls
 j - a scroll of remove curse {unknown}
 l - 2 scrolls of identify {unknown}
 o - 2 scrolls of teleportation {unknown}
Potions
 f - a potion of invisibility {unknown}
 g - a potion of heal wounds {unknown}
 h - 2 potions of flight {unknown}
 k - a potion of mutation {unknown}
 m - a potion of brilliance {unknown}
Comestibles
 e - a bread ration
 i - a meat ration
 n - a chunk of flesh


   Skills:
 * Level 4.0 Fighting
 + Level 2.5 Maces & Flails
 + Level 3.0 Armour
 - Level 2.6 Shields


You had 2 spell levels left.
You didn't know any spells.

Dungeon Overview and Level Annotations

Branches:
Dungeon (3/15)

Altars:
Cheibriados
Dithmenos


Innate Abilities, Weirdness & Mutations

You have sharp fingernails.
You regenerate a little health from kills.


Message History

n - a chunk of flesh You start resting.
HP restored.
There is a stone staircase leading down here.
Drink which item? (? for menu, Esc to quit)
You feel very mighty all of a sudden.
You feel less regenerative.
You climb downwards.
You block the ogre's attack. The orc hits you with a whip.
There is a stone staircase leading up here.
You sock the ogre!
The ogre is moderately wounded.
You block the orc's attack. The ogre hits you with a giant club!
The orc hits you with a whip.
You thump the ogre!
The ogre is almost dead.
The ogre barely misses you. The orc hits you but does no damage.
You barely miss the ogre.
The ogre is almost dead.
The ogre hits you with a giant club!!
Ouch! That really hurt!
You die...

#.# .# ###.# .## #...#
##..# #..## #... ##.#
#####.# ###
#######.####...o.# ...
........†.##o###.###.#
#######o#.##.# #.....#
#@#O##.# ###.####?
#O#.##.#####.....$
#.#.o........#....
#.####.#####.%.... #.#
#.# #...... #.# #.#
##..... #<# #.. .....
#.. ... ..... ####
#.#.#


You could see an ogre and an orc.

Vanquished Creatures
  A gnoll (D:1)
  An ooze (D:1)
  A worm (D:2)
  2 giant geckos
  A ball python (D:2)
  3 giant cockroaches
  7 hobgoblins
  2 quokkas (D:2)
  7 bats
  2 giant newts (D:2)
  4 goblins
  3 jackals (D:1)
  4 kobolds
  5 rats
43 creatures vanquished.

Notes
Turn   | Place    | Note
--------------------------------------------------------------
     0 | D:1      | Heskey the Demonspawn Fighter began the quest for the Orb.
     0 | D:1      | Reached XP level 1. HP: 18/18 MP: 1/1
   128 | D:1      | Found a snail-covered altar of Cheibriados.
   296 | D:1      | Gained mutation: You have sharp fingernails. [demonic ancestry]
   296 | D:1      | Reached XP level 2. HP: 22/24 MP: 2/2
   702 | D:1      | Gained mutation: You regenerate a little health from kills. [demonic ancestry]
   702 | D:1      | Reached XP level 3. HP: 22/29 MP: 3/3
  1001 | D:2      | Found a shadowy altar of Dithmenos.
  1284 | D:2      | Reached skill level 4 in Fighting
  1348 | D:3      | Noticed an ogre
  1351 | D:3      | HP: 1/30 [ogre/giant club (20)]
  1492 | D:3      | Mangled by an ogre

Action                   || total
-------------------------++-------
Melee: Flail             ||   145
  Use: Potion            ||     1
  Eat: Chunk             ||     2
